 Dungeon Crawl Stone Soup version 0.25-a0-265-g7af84ae (webtiles) character file.

Game seed: 11904439683398599783, levelgen mode: deterministic

475 Dietz the Chiller (level 7, -2/46 HPs)
             Began as a Merfolk Ice Elementalist on Dec 7, 2019.
             Slain by Duvessa
             ... wielding a cursed -3 short sword
              (11 damage)
             ... on level 4 of the Dungeon.
             The game lasted 00:16:44 (4927 turns).

Dietz the Chiller (Merfolk Ice Elementalist)        Turns: 4927, Time: 00:16:44

Health: -2/46      AC:  3    Str: 13    XL:     7   Next: 10%
Magic:  13/22      EV: 13    Int: 18    God:
Gold:   142        SH:  5    Dex: 15    Spells: 3/15 levels left

rFire    . . .     SeeInvis .   s - +1 dagger (venom)
rCold    . . .     Gourm    .   q - +0 buckler
rNeg     . . .     Faith    .   a - +0 robe
rPois    .         Spirit   .   (no helmet)
rElec    .         Reflect  .   u - +0 cloak
rCorr    .         Harm     .   (no gloves)
MR       .....                  (no boots)
Stlth    ++........             (no amulet)
HPRegen  0.15/turn              t - +2 ring of intelligence
MPRegen  0.18/turn              j - ring of magical power

@: mighty, very slightly contaminated
A: change form in water, swift swim, stealthy swim
a: no special abilities


You were on level 4 of the Dungeon.
You were very hungry.

You visited 1 branch of the dungeon, and saw 4 of its levels.

You collected 142 gold pieces.

Inventory:

Hand Weapons
 s - a +1 dagger of venom (weapon)
Armour
 a - a +0 robe (worn)
 q - a +0 buckler (worn)
 u - a +0 cloak (worn)
Jewellery
 g - an uncursed ring of fire
 j - a ring of magical power (right hand)
 t - a +2 ring of intelligence (left hand)
Scrolls
 e - a scroll of magic mapping
 l - 3 scrolls of remove curse
 o - a scroll of enchant armour
Potions
 b - 2 potions of mutation
 h - a potion of ambrosia {unknown}
 i - a potion of agility {unknown}
 m - 2 potions of curing
 n - a potion of flight {unknown}
 p - a potion of cancellation {unknown}
Comestibles
 c - 8 rations


   Skills:
 - Level 3.0 Dodging
 - Level 2.1 Stealth
 + Level 2.7 Shields
 + Level 4.5 Spellcasting
 + Level 6.6 Ice Magic


You had 3 spell levels left.
You knew the following spells:

 Your Spells              Type           Power        Failure   Level  Hunger
a - Freeze                Ice            ####         1%          1    None
b - Ozocubu's Armour      Chrm/Ice       ###.....     12%         3    ###....
c - Hailstorm             Conj/Ice       ###.....     38%         4    ####...
d - Summon Ice Beast      Ice/Summ       ###.....     38%         4    ####...

Your spell library contained the following spells:

 Spells                   Type           Power        Failure   Level  Hunger


Dungeon Overview and Level Annotations

Branches:
Dungeon (4/15)
 Temple: D:4-7

Altars:

Annotations:
D:4 Dowan, Duvessa, Grinder


Message History

Dowan says, "Stay away from my face!"
Dowan zaps a wand.
The puff of flame hits you!
Duvessa hits you with a cursed -3 short sword!
* * * LOW HITPOINT WARNING * * *
Casting: Freeze (safe; 1% risk of failure)
Confirm with . or Enter, or press ? or * to list all spells.
Aiming: Freeze (safe; 1% risk of failure)
Press: ? - help, Shift-Dir - straight line, f/p - Duvessa
Aim: Duvessa, wielding a -3 short sword and wearing a +2 scale mail of cold resistance (severely wounded) Duvessa resists.
You freeze Duvessa.
Duvessa is almost dead.
Dowan hits you but does no damage.
Duvessa drinks a potion.
Duvessa is healed!
You feel very mighty all of a sudden. Dowan casts a spell at you.
You resist with some effort. Duvessa misses you.
You hit Duvessa.
Duvessa is poisoned.
Duvessa is severely wounded.
You block Dowan's attack.
Duvessa hits you with a cursed -3 short sword!
You die...

###.# ###
..#.#...
#.#.#..
#.#.#.#####
#.#........
#.#........
##.#.#.#
#...e..#
#####
#..#@e.##
#.#..
#..#....#
#.#.#
#..#..#.#
#....
#..#....#.#
#.#.#
#..#.#..#.#
#.#.#
#..#.#..#.#
#.#.#
#..#.#..#.#
#.#.#
#.#..#.#
#.#.#
#.#..#.#
#.#.#


You could see Duvessa and Dowan.

Vanquished Creatures
  A black bear (D:4)
  2 centaurs
  3 orc wizards (D:4)
  A worker ant (D:3)
  3 adders (D:2)
  An ooze (D:1)
  2 worms
  6 dart slugs
  5 orcs
  2 giant cockroaches (D:3)
  14 goblins
  12 hobgoblins
  4 jackals (D:4)
  7 kobolds
  3 quokkas
  A ball python (D:4)
  10 bats
  9 frilled lizards
  4 rats
90 creatures vanquished.

Vanquished Creatures (others)
  An orc wizard (D:4)
1 creature vanquished.

Grand Total: 91 creatures vanquished

Notes
Turn   | Place    | Note
-------+----------+-------------------------------------------
     0 | D:1      | Dietz the Merfolk Ice Elementalist began the quest for the
                  | Orb.
     0 | D:1      | Reached XP level 1. HP: 13/13 MP: 3/3
   108 | D:1      | Reached XP level 2. HP: 12/19 MP: 0/5
   622 | D:1      | Reached XP level 3. HP: 14/24 MP: 1/6
   749 | D:1      | Learned a level 3 spell: Ozocubu's Armour
  1031 | D:1      | Reached skill level 5 in Ice Magic
  1887 | D:2      | Reached XP level 4. HP: 24/30 MP: 8/8
  2763 | D:3      | Reached XP level 5. HP: 30/35 MP: 10/10
  2862 | D:3      | Learned a level 4 spell: Hailstorm
  3144 | D:3      | You fall into a shaft and drop 1 floor!
  3261 | D:3      | Noticed a centaur
  3266 | D:3      | Killed a centaur
  3266 | D:3      | Reached skill level 1 in Shields
  3266 | D:3      | Reached skill level 6 in Ice Magic
  3291 | D:3      | Reached XP level 6. HP: 36/41 MP: 11/11
  3398 | D:4      | Learned a level 4 spell: Summon Ice Beast
  4366 | D:4      | Noticed a black bear
  4385 | D:4      | Killed a black bear
  4385 | D:4      | Reached XP level 7. HP: 32/46 MP: 13/13
  4626 | D:4      | Noticed Grinder
  4628 | D:4      | Paralysed by Grinder for 3 turns
  4825 | D:4      | Paralysed by Grinder for 3 turns
  4914 | D:4      | Noticed Duvessa
  4915 | D:4      | Noticed Dowan
  4927 | D:4      | Slain by Duvessa

Levels and vault maps discovered:
D:1:      minmay_arrival_four_houses, layout_basic
D:2:      layout_basic
D:3:      layout_rooms, first_ration, minmay_increasing_density
D:4:      layout_basic, minmay_temple_entry_statues, kennysheep_minor_cross,
          uniq_grinder, uniq_duvessa, uniq_pikel, uniq_ijyb

Skill      XL: |  1  2  3  4  5  6 |
---------------+-------------------+-----
Dodging        | 3 |  3.0
Ice Magic      | 5 6 |  6.6
Spellcasting   | 3 4 |  4.5
Shields        | 1 2 |  2.7
Stealth        | |  2.1

Action                   |  1- 3 |  4- 6 |  7- 9 || total
-------------------------+-------+-------+-------++-------
Melee: Club              |    30 |     9 |       ||    39
       Unarmed           |     1 |       |       ||     1
       Dagger            |       |    51 |     5 ||    56
 Cast: Freeze            |    63 |    76 |    13 ||   152
       Ozocubu's Armour  |       |     2 |     1 ||     3
       Summon Ice Beast  |       |     2 |       ||     2
  Use: Scroll            |       |     8 |       ||     8
       Potion            |       |       |     2 ||     2
 Stab: Sleeping          |     2 |     1 |       ||     3
       Distracted        |       |       |     1 ||     1
  Eat: Ration            |     1 |       |       ||     1
       Chunk             |       |     8 |     1 ||     9
Armor: Robe              |    20 |    14 |     3 ||    37
Dodge: Dodged            |    59 |    78 |     8 ||   145
Block: Buckler           |       |    13 |     2 ||    15

Table legend:
 A = Non-vault XP
 B = Vault XP
 C = Vault XP percentage of total XP
 D = Non-vault monster count
 E = Vault monster count
 F = Vault count percentage of total count
                 A         B        C        D         E       F
            +---------+---------+-------+---------+---------+-------
      Total |     555 |     124 |  18.3 |      84 |       7 |   7.7
            +---------+---------+-------+---------+---------+-------
        D:1 |      55 |       0 |   0.0 |      26 |       0 |   0.0
        D:2 |      90 |       0 |   0.0 |      31 |       0 |   0.0
        D:3 |      50 |     124 |  71.3 |      10 |       7 |  41.2
        D:4 |     360 |       0 |   0.0 |      17 |       0 |   0.0
            +---------+---------+-------+---------+---------+-------
